 Dungeon Crawl Stone Soup version 0.31-a0-174-g85c54bcb58 (webtiles) character file.

Game seed: 7814604553451719087

302 qw the Shooter (level 6, 0/56 HPs)
             Began as a Naga Hunter on June 15, 2023.
             Slain by a scorpion (3 damage)
             ... on level 3 of the Dungeon.
             The game lasted 00:01:10 (2569 turns).

qw the Shooter (Naga Hunter)                        Turns: 2569, Time: 00:01:11

Health: 0/56       AC:  3    Str: 20    XL:     6   Next: 37%
Magic:  6/6        EV:  9    Int:  9    God:
Gold:   76         SH:  0    Dex: 16    Spells: 5/5 levels left

rFire   . . .        Y - +1 shortbow
rCold   . . .        (shield currently unavailable)
rNeg    . . .        c - +0 leather armour
rPois   +            (no helmet)
rElec   .            (no cloak)
rCorr   .            (no gloves)
SInv    +            (no barding)
Will    .....        e - amulet of the acrobat
Stlth   ++           l - +6 ring of strength
HPRegen 0.29/turn    (no ring)
MPRegen 0.10/turn

%: acrobat
@: short of breath, very slow
A: AC +2, large, see invisible, deformed body, poison resistance, slowness 2,
spit poison 1, naga tail 1
a: Spit Poison


You were on level 3 of the Dungeon.
You visited 1 branch of the dungeon, and saw 4 of its levels.

You collected 76 gold pieces.


Innate Abilities, Weirdness & Mutations

Your serpentine skin is tough. (AC +2)
You have supernaturally acute eyesight. (SInv)
Armour fits poorly on your strangely shaped body.
Your system is resistant to poisons. (rPois)
You cover ground very slowly.
You can spit poison.
You have a snake-like lower body.


   Skills:
 + Level 3.2 Fighting
 - Level 6.3 Ranged Weapons
 - Level 1.5 Dodging
 - Level 1.5 Stealth


You had 5 spell levels left.
You didn't know any spells.
Your spell library was empty.

Inventory:

Hand Weapons
 Y - a +1 shortbow (weapon)
Armour
 c - a +0 leather armour (worn)
Jewellery
 e - an amulet of the acrobat (around neck)
 l - a +6 ring of strength (left hand)
Wands
 b - a wand of digging (5)
Scrolls
 d - a scroll of brand weapon {unknown}
Potions
 a - a potion of ambrosia {unknown}
 f - a potion of lignification {unknown}
 g - a potion of heal wounds {unknown}
 h - a potion of haste
 j - a potion of curing

Dungeon Overview and Level Annotations

Branches:
Dungeon (4/15)
 Temple: D:4-7

Altars:

Shops:
D:1 !


Message History

The orc priest is severely wounded.
The orc priest mumbles some strange prayers to Beogh against you.
Beogh smites you!
You shoot an arrow. The arrow hits the orc priest.
The orc priest is almost dead.
The orc priest hits you with a +0 club.
You shoot an arrow. The arrow hits the orc priest.
The orc priest is almost dead.
The orc priest hits you but does no damage.
You shoot an arrow.
The arrow completely misses the orc priest.
The orc priest hits you but does no damage.
You shoot an arrow. The arrow hits the orc priest.
You kill the orc priest!
You have got your breath back.
The orc hits you but does no damage.
Your Fighting skill increases to level 3!
2564 ||| INVOKING Spit Poison.
Aiming: Spit Poison (1% risk of failure)
Press: ? - help, Shift-Dir - straight line, f - orc The splash of poison misses the orc.
The orc hits you with a +0 dagger.
You shoot an arrow. The arrow hits the orc.
The orc is severely wounded.
The orc hits you with a +0 dagger.
You shoot an arrow. The arrow closely misses the orc.
The orc hits you with a +0 dagger.
You shoot an arrow. The arrow hits the orc.
The orc is severely wounded.
The orc hits you with a +0 dagger.
You shoot an arrow. The arrow hits the orc.
You kill the orc!
You have got your breath back.
2569 ||| INVOKING Spit Poison.
Aiming: Spit Poison (1% risk of failure)
Press: ? - help, Shift-Dir - straight line, f - scorpion The splash of poison hits the scorpion!
The scorpion is poisoned.
The scorpion is moderately wounded.
The scorpion stings you.
You die...

......
.#.###...##....#########.
####.....# #
...#####.######....
.....# #..............#..
.....# ###.....##...###..
####.# ######..##...+....
+# #.......##...#....
#.####..##........ #.#
##........#.. #@#
###..#...#.. ..oo.Ss)#
##.#...#.. ..#######
###..>#.### #..........
#.......... #..........
#######.... #.... #....


You could see a scorpion (poisoned), an adder and 2 orcs.

Vanquished Creatures
  Sigmund (D:2)
  An orc priest (D:3)
  2 adders
  2 worms (D:2)
  3 dart slugs
  2 orcs (D:3)
  11 ball pythons
  8 endoplasms
  3 giant cockroaches
  5 goblins
  6 hobgoblins
  7 jackals
  2 quokkas
  5 bats
  2 frilled lizards
  5 kobolds
  7 rats
72 creatures vanquished.

Notes
Turn   | Place    | Note
-------+----------+-------------------------------------------
     0 | D:1      | qw the Naga Hunter began the quest for the Orb.
     0 | D:1      | Reached XP level 1. HP: 19/19 MP: 1/1
     0 | D:1      | 0 ||| qw: Version: 0.2-a-29-g511e9b1
     0 | D:1      | 0 ||| qw: Game counter: 5306
     0 | D:1      | 0 ||| qw: Always use a shield: true
     0 | D:1      | 0 ||| qw: God list: Okawaru
     0 | D:1      | 0 ||| qw: Allow faded altars: false
     0 | D:1      | 0 ||| qw: Do Orc after D:15 true
     0 | D:1      | 0 ||| qw: Do second Lair branch before Depths: true
     0 | D:1      | 0 ||| qw: Lair rune preference: random
     0 | D:1      | 0 ||| qw: Plans: Normal
     0 | D:1      | 0 ||| PLANNING D:1-11
    96 | D:1      | 96 ||| INVOKING Spit Poison.
    97 | D:1      | 97 ||| INVOKING Spit Poison.
   146 | D:1      | Found Himiapsi's Distillery.
   154 | D:1      | 154 ||| SHOPLISTING potion of cancellation (112 gold, have
                  | 11).
   154 | D:1      | 154 ||| SHOPLISTING potion of curing (42 gold, have 11).
   154 | D:1      | 154 ||| SHOPLISTING potion of might (56 gold, have 11).
   154 | D:1      | 154 ||| SHOPLISTING potion of resistance (140 gold, have
                  | 11).
   193 | D:1      | 193 ||| INVOKING Spit Poison.
   229 | D:1      | 229 ||| INVOKING Spit Poison.
   230 | D:1      | Reached skill level 4 in Ranged Weapons
   230 | D:1      | Reached XP level 2. HP: 26/26 MP: 2/2
   255 | D:1      | 255 ||| INVOKING Spit Poison.
   294 | D:1      | 294 ||| INVOKING Spit Poison.
   301 | D:1      | 301 ||| INVOKING Spit Poison.
   334 | D:1      | 334 ||| INVOKING Spit Poison.
   350 | D:1      | 350 ||| INVOKING Spit Poison.
   353 | D:1      | 353 ||| INVOKING Spit Poison.
   365 | D:1      | 365 ||| INVOKING Spit Poison.
   372 | D:1      | Reached XP level 3. HP: 32/32 MP: 3/3
   380 | D:1      | 380 ||| INVOKING Spit Poison.
   410 | D:1      | 410 ||| INVOKING Spit Poison.
   850 | D:1      | 850 ||| INVOKING Spit Poison.
   892 | D:1      | 892 ||| INVOKING Spit Poison.
   929 | D:1      | 929 ||| INVOKING Spit Poison.
   938 | D:1      | 938 ||| UPGRADING to amulet of the acrobat.
   943 | D:1      | 943 ||| UPGRADING to +6 ring of strength.
   944 | D:1      | 944 ||| READING 3 scrolls labelled ICWENI ZIUGRI.
   947 | D:1      | 947 ||| READING scroll labelled GANKEMNUPU.
   948 | D:1      | 948 ||| READING scroll labelled RAEREH LETAR.
   949 | D:1      | 949 ||| DRINKING 2 fizzy brown potions.
  1053 | D:1      | 1053 ||| DRINKING 2 fizzy black potions.
  1054 | D:1      | 1054 ||| DROPPING scroll of butterflies.
  1055 | D:1      | 1055 ||| DROPPING potion of berserk rage.
  1056 | D:1      | 1056 ||| DROPPING potion of degeneration.
  1102 | D:2      | 1102 ||| INVOKING Spit Poison.
  1167 | D:2      | 1167 ||| INVOKING Spit Poison.
  1177 | D:2      | 1177 ||| INVOKING Spit Poison.
  1193 | D:2      | 1193 ||| INVOKING Spit Poison.
  1205 | D:2      | 1205 ||| INVOKING Spit Poison.
  1210 | D:2      | 1210 ||| INVOKING Spit Poison.
  1275 | D:2      | 1275 ||| INVOKING Spit Poison.
  1278 | D:2      | 1278 ||| INVOKING Spit Poison.
  1353 | D:2      | 1353 ||| INVOKING Spit Poison.
  1432 | D:2      | Noticed Sigmund
  1435 | D:2      | 1435 ||| INVOKING Spit Poison.
  1441 | D:2      | 1441 ||| READING scroll labelled KUABOSHOBBAU.
  1443 | D:2      | HP: 6/32 [Sigmund/+0 scythe (4)]
  1444 | D:2      | 1444 ||| READING 2 scrolls of teleportation.
  1588 | D:2      | 1588 ||| INVOKING Spit Poison.
  1591 | D:2      | HP: 2/32 [Sigmund/puff of flame (8)]
  1592 | D:2      | 1592 ||| READING scroll of teleportation.
  1594 | D:2      | Killed Sigmund
  1595 | D:2      | Reached skill level 6 in Ranged Weapons
  1595 | D:2      | Reached XP level 4. HP: 4/39 MP: 4/4
  1595 | D:2      | Reached XP level 5. HP: 4/45 MP: 5/5
  1844 | D:2      | 1844 ||| INVOKING Spit Poison.
  1847 | D:2      | Reached XP level 6. HP: 52/52 MP: 6/6
  1874 | D:2      | 1874 ||| INVOKING Spit Poison.
  1880 | D:2      | 1880 ||| INVOKING Spit Poison.
  1922 | D:2      | 1922 ||| INVOKING Spit Poison.
  1939 | D:2      | 1939 ||| INVOKING Spit Poison.
  1946 | D:2      | Found a faded altar of an unknown god.
  2112 | D:2      | 2112 ||| INVOKING Spit Poison.
  2115 | D:2      | 2115 ||| INVOKING Spit Poison.
  2116 | D:2      | 2116 ||| INVOKING Spit Poison.
  2119 | D:2      | 2119 ||| INVOKING Spit Poison.
  2208 | D:2      | 2208 ||| INVOKING Spit Poison.
  2218 | D:2      | You fall into a shaft and drop 2 floors!
  2219 | D:4      | 2219 ||| READING 4 scrolls labelled BOPLAO ABRUYLE.
  2220 | D:4      | 2220 ||| READING scroll labelled NEDUR KUNUQ.
  2221 | D:4      | 2221 ||| DRINKING 2 viscous puce potions.
  2222 | D:4      | 2222 ||| DROPPING 3 scrolls of fog.
  2231 | D:3      | 2231 ||| PLANNING SEWER
  2234 | D:3      | 2234 ||| INVOKING Spit Poison.
  2243 | D:3      | 2243 ||| INVOKING Spit Poison.
  2250 | D:3      | 2250 ||| INVOKING Spit Poison.
  2255 | D:3      | 2255 ||| INVOKING Spit Poison.
  2297 | D:3      | 2297 ||| INVOKING Spit Poison.
  2341 | D:3      | 2341 ||| INVOKING Spit Poison.
  2345 | D:3      | 2345 ||| INVOKING Spit Poison.
  2351 | D:3      | 2351 ||| INVOKING Spit Poison.
  2401 | D:3      | 2401 ||| INVOKING Spit Poison.
  2406 | D:3      | 2406 ||| INVOKING Spit Poison.
  2500 | D:3      | 2500 ||| INVOKING Spit Poison.
  2519 | D:3      | 2519 ||| INVOKING Spit Poison.
  2549 | D:3      | 2549 ||| INVOKING Spit Poison.
  2553 | D:3      | 2553 ||| INVOKING Spit Poison.
  2559 | D:3      | 2559 ||| INVOKING Spit Poison.
  2559 | D:3      | HP: 9/55 [orc priest/divine providence (12)]
  2564 | D:3      | Reached skill level 3 in Fighting
  2564 | D:3      | 2564 ||| INVOKING Spit Poison.
  2564 | D:3      | HP: 7/56 [orc/+0 dagger (1)]
  2566 | D:3      | HP: 3/56 [orc/+0 dagger (2)]
  2569 | D:3      | 2569 ||| INVOKING Spit Poison.
  2569 | D:3      | Slain by a scorpion

Levels and vault maps discovered:
D:1:      tarquinn_simple_flora_water_d, layout_basic, serial_shops, shop
D:2:      layout_basic, hellmonk_ecumenical_altar_inner_sanctum,
          chequers_serial_rivers_micro_e, uniq_sigmund
D:3:      layout_basic, serial_shops, nicolae_shop_trees, gup_sewer_entry_glass
D:4:      layout_basic, temple_hall, minmay_shop_damaged

Skill      XL: |  1  2  3  4  5  6 |
---------------+-------------------+-----
Ranged Weapons | 4 6 |  6.3
Fighting       | 3 |  3.2
Dodging        | |  1.5
Stealth        | |  1.5

Action                     |  1- 3 |  4- 6 || total
---------------------------+-------+-------++-------
   Fire: Shortbow          |    75 |    65 ||   140
Ability: Spit Poison       |    26 |    26 ||    52
    Use: Scroll            |     6 |     2 ||     8
         Potion            |     2 |     1 ||     3
 Armour: Leather armour    |     1 |    14 ||    15
  Dodge: Dodged            |     9 |    18 ||    27

Table legend:
 A = Non-vault XP
 B = Vault XP
 C = Vault XP percentage of total XP
 D = Non-vault monster count
 E = Vault monster count
 F = Vault count percentage of total count
                 A         B        C        D         E       F
            +---------+---------+-------+---------+---------+-------
      Total |     201 |     231 |  53.5 |      71 |       1 |   1.4
            +---------+---------+-------+---------+---------+-------
        D:1 |      57 |       0 |   0.0 |      30 |       0 |   0.0
        D:2 |      57 |     231 |  80.2 |      22 |       1 |   4.3
        D:3 |      87 |       0 |   0.0 |      19 |       0 |   0.0
            +---------+---------+-------+---------+---------+-------
